 Dungeon Crawl Stone Soup version 0.27-a0-1188-g73eefd5def (webtiles) character file.

Game seed: 17784318554093512705

629 Fv001 the Chopper (level 7, -4/79 HPs)
             Began as a Djinni Berserker on May 20, 2021.
             Was a Believer of Trog.
             Slain by a yak (6 damage)
             ... on level 4 of the Dungeon on May 21, 2021.
             The game lasted 00:08:22 (3160 turns).

Fv001 the Chopper (Djinni Berserker)                Turns: 3160, Time: 00:08:23

Health: -4/79      AC: 23    Str: 15 (18) XL:     7   Next: 77%
Gold:   129        EV:  2    Int:  5 (8)  God:    Trog [**....] SH:  0 Dex: 11 (13)

rFire    . . .     SeeInvis .   a - +0 hand axe
rCold    . . .     Faith    .   (no shield)
rNeg     + + +     Spirit   .   (armour currently unavailable)
rPois    ∞         Reflect  .   (helmet currently unavailable)
rElec    .         Harm     .   (cloak currently unavailable)
rCorr    .         Rampage  .   (gloves currently unavailable)
Will     ++...     NoTele   +   (boots unavailable)
Stlth    +.........             (no amulet)
HPRegen  1.23/turn              (no ring)
MPRegen  0.00/turn              (no ring)

@: brilliant, tree-form, strong-willed, on berserk cooldown, attractive,
regenerating
A: stationary, stasis, torment immunity, boosted hp, sickness immunity, (fire
resistance 2), (cold vulnerability 1), float, innate caster, hp casting, extra
vitality 1
a: Renounce Religion, Berserk, Trog's Hand


You were on level 4 of the Dungeon.
You worshipped Trog.
Trog was pleased with you.
You were a tree.
You visited 1 branch of the dungeon, and saw 4 of its levels.

You collected 129 gold pieces.

Inventory:

Hand Weapons
 a - a +0 hand axe (weapon)
 g - a +0 whip
 u - a +0 flail
Missiles
 d - 38 bolts
Armour
 c - a +0 cloak (melded)
 k - a scarf of invisibility
 s - a +2 pair of gloves (melded)
 v - a +0 chain mail (melded)
Scrolls
 e - 2 scrolls of magic mapping {unknown}
 f - 2 scrolls of noise {unknown}
 h - a scroll of enchant weapon {unknown}
 i - a scroll of enchant armour {unknown}
 l - a scroll of teleportation {unknown}
 n - 2 scrolls of fear {unknown}
 o - 2 scrolls of amnesia {unknown}
Potions
 r - a potion of flight {unknown}
 t - a potion of ambrosia {unknown}


   Skills:
 + Level 4.4 Fighting
 + Level 4.8 Axes
 + Level 3.2 Armour
 + Level 3.7 Dodging
 * Level 2.8 Evocations


You had one spell level left.
You knew the following spells:

 Your Spells              Type           Power      Damage    Failure   Level
a - Foxfire               Conj/Fire      0%         2x1d4     47%         1
b - Corpse Rot            Necr/Air       N/A        N/A       63%         2
c - Slow                  Hex            0%         N/A       63%         2
Your spell library was empty.

Dungeon Overview and Level Annotations

Branches:
Dungeon (4/15)
 Temple: D:4-7

Altars:


Innate Abilities, Weirdness & Mutations

You are a tree.
Your roots penetrate the ground, keeping you stationary.
You cannot be teleported.
You are immune to unholy pain and torment.
Your maximum health is greatly increased.
Your equipment is partially melded.
You are immune to sickness and miasma.
You are immune to poison.
((Your flesh is very heat resistant. (rF++)))
((You are vulnerable to cold. (rC-)))
You float through the air rather than walking.
You learn spells naturally, not from books.
Your magical power is your life essence.
You have superior vitality. (+4 HP)


Message History

You aren't carrying any items that you can evoke.
It was a potion of lignification.
You turn into a tree.
Your +0 cloak melds into your body.
Your +2 pair of gloves melds into your body.
Your +0 chain mail melds into your body.
Your roots penetrate the ground.
The yak gores you.
* * * LOW HITPOINT WARNING * * *
The yak gores you but does no damage.
It was a potion of attraction.
You feel attractive to monsters. The yak gores you but does no damage.
It was a potion of brilliance.
You feel clever all of a sudden. The yak gores you.
* * * LOW HITPOINT WARNING * * *
The yak gores you.
* * * LOW HITPOINT WARNING * * *
It was a potion of degeneration.
There was something very wrong with that liquid.
You feel weakened.
You feel dopey.
You feel clumsy. The yak gores you.
* * * LOW HITPOINT WARNING * * *
Okay, then.
Your skin crawls.
You feel strong-willed.
The yak gores you but does no damage. x2
You completely miss the yak.
The yak is severely wounded.
The yak gores you!
* * * LOW HITPOINT WARNING * * *
You hit the yak.
The yak is almost dead.
The yak gores you.
* * * LOW HITPOINT WARNING * * *
The yak gores you but does no damage.
You hit the yak.
The yak is almost dead.
You feel yourself speed up. The yak gores you.
You die...

.......#.................##....
.[.....#.#............. .# ...
........................ ...
..........###............ #.
.##........#......# ....#
..........##.....## #.
..........##..g..†#
...........#.#Y##†.#
..........[..#♣##?....
#..............###......
#.............## .##....
.....##.......# .. ..#.
....#........# .## ##
#............ ## #.#..........
#.####..#.###.


You could see a yak and a hobgoblin.

Vanquished Creatures
  2 yaks (D:4)
  An ogre (D:4)
  A necrophage (D:4)
  A hound (D:4)
  A hound skeleton (D:4)
  4 adders
  An ufetubus (D:4)
  A worm (D:2)
  2 dart slugs (D:3)
  2 orcs (D:4)
  6 endoplasms
  4 giant cockroaches
  7 goblins
  9 hobgoblins
  13 jackals
  A quokka (D:3)
  A ball python (D:2)
  4 bats
  2 frilled lizards
  7 kobolds
  7 rats
77 creatures vanquished.

Notes
Turn   | Place    | Note
-------+----------+-------------------------------------------
     0 | D:1      | Fv001 the Djinni Berserker began the quest for the Orb.
     0 | D:1      | Reached XP level 1. HP: 20/20 MP: 0/0
   589 | D:1      | Reached XP level 2. HP: 25/25 MP: 0/0
   686 | D:1      | Reached XP level 3. HP: 10/30 MP: 0/0
   686 | D:1      | Learned a level 1 spell: Foxfire
  1345 | D:2      | Found a faded altar of an unknown god.
  1613 | D:2      | Reached ** piety under Trog
  1715 | D:2      | Reached XP level 4. HP: 26/35 MP: 0/0
  1942 | D:2      | You are sucked into a shaft and drop 1 floor!
  2474 | D:2      | Reached XP level 5. HP: 39/41 MP: 0/0
  2474 | D:2      | Learned a level 2 spell: Corpse Rot
  2660 | D:3      | Upgraded the game from 0.27-a0-1187-ge80a49f48c to
                  | 0.27-a0-1188-g73eefd5def
  2950 | D:4      | Noticed an ogre
  2961 | D:4      | Reached skill level 1 in Evocations
  2963 | D:4      | Killed an ogre
  2964 | D:4      | Reached XP level 6. HP: 47/47 MP: 0/0
  3042 | D:4      | Noticed a necrophage
  3050 | D:4      | Killed a necrophage
  3117 | D:4      | Noticed a yak
  3118 | D:4      | Noticed a yak
  3119 | D:4      | Noticed a yak
  3133 | D:4      | Killed a yak
  3134 | D:4      | Reached XP level 7. HP: 37/52 MP: 0/0
  3134 | D:4      | Learned a level 2 spell: Slow
  3142 | D:4      | Killed a yak
  3142 | D:4      | Reached *** piety under Trog
  3158 | D:4      | HP: 1/79 [yak (7)]
  3160 | D:4      | Slain by a yak

Illustrated notes

Levels and vault maps discovered:
D:1:      dpeg_arrival_three_smaller_balls, layout_basic
D:2:      layout_rooms, serial_aquarium, aquarium_bridge_straight
          [aquarium_subvault_bridge, aquarium_subvault_wall,
          aquarium_subvault_bridge, aquarium_subvault_balcony],
          aquarium_window_1, aquarium_window_3, aquarium_window_fake,
          aquarium_window_fake, aquarium_view_2c, aquarium_pool_corner,
          ebering_ecumenical_altar_rust
D:3:      layout_basic, kennysheep_generic_room_13
D:4:      layout_cave_pools, kennysheep_orc_chapel

Skill      XL: |  1  2  3  4  5  6 |
---------------+-------------------+-----
Axes           | 3 4 |  4.8
Dodging        | 3 |  3.7
Evocations     | 1 2 |  2.8
Fighting       | 4 |  4.4
Armour         | 3 |  3.2

Action                   |  1- 3 |  4- 6 |  7- 9 || total
-------------------------+-------+-------+-------++-------
Melee: Hand axe          |   101 |   139 |    17 ||   257
Invok: Berserk           |     2 |     3 |       ||     5
       Trog's Hand       |       |       |     1 ||     1
  Use: Potion            |       |       |     6 ||     6
Armor: Animal skin       |    16 |       |       ||    16
       Ring mail         |    12 |    48 |       ||    60
       Leather armour    |     1 |       |       ||     1
       Chain mail        |       |     8 |    14 ||    22
       Skin              |       |       |     5 ||     5
Dodge: Dodged            |    65 |    84 |    14 ||   163

Table legend: (Time is in decaauts)
 A = Elapsed time spent in this place.
 B = Non-inter-level travel time spent in this place.
 C = Inter-level travel time spent in this place.
 D = Time resting spent in this place.
 E = Time spent auto-exploring this place.
 F = Levels seen in this place.
 G = Mean time per level.
                   A        B        C        D        E       F      G
               +--------+--------+--------+--------+--------+-----+--------+
         Total |   3233 |   3173 |     60 |     28 |   2431 |   4 |  808.2 |
       Dungeon |   3233 |   3173 |     60 |     28 |   2431 |   4 |  808.2 |
               +--------+--------+--------+--------+--------+-----+--------+

Top non-repeatable levels by time:
     D:1: 1360 daAuts
     D:2: 1025 daAuts
     D:3: 572 daAuts
     D:4: 275 daAuts
